AoeStats
← Mycorrhizal

Pilgrims

508934432Analyzed
3v3 RM · 7d ago on Sep 24, 2026· 29m 50s· 6 players
Game mode
Random Map
Map size
Normal (6 player)
Population
200
Speed
Normal
Resources
Standard
Victory
Conquest
Starting age
Dark Age
Ending age
Imperial Age
RankedLock teamsTeams togetherTeam positionsShared explorationLock speedFull tech treeHidden civsTurbo modeCheats
Victory
Defeat
🇮🇳 Japanese · India
1474
+12
🇮🇳 Burmese · India
1474
+12
🇬🇧 Teutons · United Kingdom
1348
+18
🇨🇦 Chinese · Canada
1427
-16
🇬🇧 Portuguese · United Kingdom
1389
-14
🇩🇪 Italians · Germany
1344
-12
Somtop
7:53 Loom
11:05 Feudal Age
15:32 Castle Age
14:16 Double-Bit Axe
18:29 Horse Collar
22:33 Bow Saw
26:22 Wheelbarrow
25:33 Town Watch
25:46 Fletching
27:59 Padded Archer Armor
Mycorrhizal
10:08 Feudal Age
9:22 Loom
15:45 Double-Bit Axe
18:29 Castle Age
17:07 Fletching
19:24 Medium Warships
21:00 Bow Saw
21:47 Bodkin Arrow
26:23 Padded Archer Armor
29:01 Leather Archer Armor
egenem17
5:01 Loom
11:38 Feudal Age
15:18 Castle Age
13:21 Double-Bit Axe
14:45 Horse Collar
15:30 Fletching
15:30 Gold Mining
17:27 Bow Saw
18:59 Medium Warships
19:11 Padded Archer Armor
25:27 Bodkin Arrow
27:26 Leather Archer Armor
rokage
7:43 Loom
11:07 Feudal Age
11:34 Double-Bit Axe
14:06 Forging
15:03 Horse Collar
24:11 Castle Age
22:01 Fishing Lines
25:14 Medium Warships
25:49 Iron Casting
25:15 Gillnets
29:04 Bow Saw
Seetha
5:54 Loom
11:34 Feudal Age
12:29 Town Watch
15:31 Castle Age
13:51 Double-Bit Axe
13:50 Horse Collar
14:10 Fletching
14:54 Fishing Lines
15:54 Scale Mail Armor
16:04 Forging
16:35 Bodkin Arrow
17:25 Bow Saw
19:14 Gillnets
20:24 Chain Mail Armor
20:58 Squires
22:59 Arson
27:43 Iron Casting
28:20 Gold Mining
Invincius
8:02 Loom
10:10 Feudal Age
14:39 Castle Age
13:20 Horse Collar
18:42 Fletching
19:58 Bodkin Arrow
25:07 Town Watch
26:00 Wheelbarrow
Connection lost

Rejoining the realm…

Still unreachable

The connection could not be restored.

Session expired

The server has moved on; the page needs a fresh start.